Map: Vaani Research Station (Void)

Players

neveride - Winner!

  • Race: Zerg Zerg
  • League: Platinum
  • Spawn Location: 12:00

Chûk

  • Race: Zerg Zerg
  • League: Platinum
  • Spawn Location: 6:00

VOD

Have the link to the VOD?

Description

Time

  • Played on: Jan. 23, 2017, 2:52 p.m.
  • Length: 10:45
Show
View Real Time Build Order
Export as new Build Order

neveride Zerg - Winner!

Build Orders: Hatch First 

Get SALT Encoding   

  12  0:01  Drone  
  13  0:13  Overlord  
  13  0:18  Drone  
  14  0:31  Drone x2  
  14  0:35  Drone  
  17  0:54  Hatchery  
  16  0:57  Drone  
  17  1:12  Spawning Pool  
  17  1:14  Drone  
  17  1:18  Extractor  
  16  1:20  Drone  
  16  1:23  Drone  
  18  1:28  Drone  
  19  1:39  Overlord  
  19  1:50  Drone  
  20  1:58  Queen  
  22  2:05  Queen  
  22  2:07  Zergling x4  
  26  2:13  Drone  
  27  2:17  Overlord  
  27  2:23  Drone  
  28  2:32  Drone  
  28  2:34  Drone  
  30  2:45  Zergling x2  
  30  2:46  Zergling x2  
  30  2:48  Metabolic Boost  
  32  2:51  Baneling Nest  
  32  2:52  Drone  
  32  3:02  Zergling x2  
  32  3:03  Zergling x2  
  34  3:11  Zergling x2  
  34  3:12  Zergling x8  
  39  3:16  Queen  
  41  3:22  Zergling x6  
  43  3:45  Zergling x2  
  43  3:48  Overlord x3  
  41  3:57  Zergling x2  
  41  3:58  Zergling x12  
  38  4:14  Zergling x8  
  34  4:27  Zergling x4  
  34  4:28  Baneling  
  36  4:34  Queen  
  38  4:39  Roach Warren, Zergling x4  
  38  4:42  Baneling  
  38  4:43  Baneling  
  39  4:53  Baneling  
  34  5:32  Roach  
  34  5:33  Roach x12  
  59  5:51  Roach x2  
  59  5:55  Drone x3  
  66  6:22  Extractor, Drone x2  
  66  6:23  Drone  
  66  6:24  Overlord  
  66  6:25  Overlord  
  68  6:26  Overlord  
  68  6:35  Lair  
  68  6:58  Zergling x8  
  68  7:00  Roach  
  68  7:01  Roach x3  
  80  7:14  Drone  
  80  7:15  Drone x5  
  86  7:19  Baneling x2  
  86  7:21  Baneling  
  86  7:32  Evolution Chamber  
  86  7:33  Drone x3  
  86  7:34  Drone x3  
  91  7:38  Extractor  
  86  8:08  Roach x3  
  86  8:10  Overlord x4  
  86  8:11  Overlord x4  
  91  8:25  Extractor  
  91  8:26  Overlord  
  90  8:28  Zerg Missile Weapons Level 1  
  90  8:33  Evolution Chamber  
  85  8:43  Roach  
  85  8:44  Roach x7  
  85  8:46  Ravager x2  
  103  9:11  Nydus Network  
  102  9:18  Drone x3  
  105  9:25  Zergling x2  
  105  9:26  Zergling x12  
  112  9:35  Zergling x2  
  112  9:36  Zergling x6  
  116  9:50  Nydus Canal  
  116  9:53  Zergling x2  
  116  9:54  Zergling x10  
  118  10:05  Roach  
  118  10:06  Roach x3  
  107  10:18  Roach  
  107  10:19  Roach x4  
Show
View Real Time Build Order
Export as new Build Order

Chûk Zerg 

Build Orders: Hatch First 

Get SALT Encoding   

  12  0:01  Drone  
  13  0:16  Overlord  
  13  0:25  Drone  
  14  0:36  Drone x2  
  14  0:40  Drone  
  17  0:55  Hatchery  
  16  1:04  Drone  
  16  1:07  Extractor  
  16  1:14  Spawning Pool  
  16  1:18  Drone  
  16  1:20  Drone  
  17  1:30  Drone  
  18  1:36  Overlord  
  18  2:02  Queen, Zergling x4  
  18  2:06  Drone  
  18  2:08  Metabolic Boost  
  23  2:12  Queen  
  25  2:17  Zergling x2  
  26  2:29  Drone  
  28  2:30  Evolution Chamber, Drone  
  28  2:33  Zergling x2  
  28  2:44  Baneling Nest  
  28  2:46  Zergling x2  
  28  2:50  Zergling x2  
  28  2:51  Zergling x2  
  30  3:02  Zergling x4  
  30  3:03  Zergling x2  
  32  3:13  Zergling x6  
  35  3:22  Zerg Melee Weapons Level 1  
  35  3:37  Overlord x2  
  35  3:48  Baneling x2  
  35  3:58  Zergling x2  
  35  3:59  Zergling x10  
  36  4:17  Zergling x2  
  36  4:20  Zergling x2  
  36  4:21  Zergling x6  
  36  4:27  Zergling x2  
  34  4:47  Zergling x8  
  38  4:53  Drone x2  
  38  4:59  Baneling x2  
  39  5:46  Baneling x3  
  38  5:50  Zergling x2  
  38  5:51  Zergling x22  
  50  6:01  Zergling x4  
  50  6:07  Drone  
  50  6:09  Roach Warren  
  50  6:21  Lair  
  50  6:23  Zerg Ground Armor Level 1  
  50  6:25  Drone x2  
  52  6:26  Overlord x2  
  50  6:55  Roach  
  50  6:56  Roach x6  
  64  7:03  Drone  
  65  7:10  Roach  
  65  7:12  Overlord  
  65  7:13  Overlord  
  67  7:27  Drone  
  67  7:28  Extractor, Drone  
  68  7:33  Glial Reconstitution  
  68  7:39  Drone x5  
  68  7:42  Extractor  
  72  7:44  Extractor  
  71  7:57  Zergling x12  
  74  8:16  Roach x3  
  74  8:17  Roach x2  
  84  8:34  Overlord x3  
  84  8:43  Zerg Missile Weapons Level 1  
  84  8:53  Drone x8  
  91  9:11  Roach x4  
  91  9:16  Ravager  
  100  9:36  Roach x3  
  106  9:38  Overlord x2  
  106  9:49  Drone  
  107  9:57  Hatchery  
  91  10:07  Roach x5  
  91  10:08  Roach  
Tags
 
Add a new tag
Caveats
  • Supply blocks, unpowered buildings, or Contaminate may cause inaccurate times.
  • Supply counts are checked every 10 seconds.